 Dungeon Sprint DCSS version 0.30-a0-373-gd37427bb62 (webtiles) character file.

Game seed: 5545669475624024462

15269 rocky1 the Gnoll Aeon (level 12, -8/103 HPs)
             Began as a Gnoll Warper on Nov 23, 2022.
             Was the Champion of Cheibriados.
             Mangled by a ghoul (9 damage)
             ... in the Dungeon (Sprint VII: "The Pits") on Nov 24, 2022.
             The game lasted 00:13:24 (2351 turns).

rocky1 the Gnoll Aeon (Gnoll Warper)                Turns: 2351, Time: 00:13:25

Health: -8/103     AC: 12    Str: 27    XL:     12   Next: 25%
Magic:  28/28      EV: 25    Int: 30    God:    Cheibriados [******]
Gold:   38         SH:  0    Dex: 28    Spells: 21/36 levels left

rFire   + . .      SeeInvis .    z - +7 halberd "Gaiteomat" {pain, rF+}
rCold   . . .      Faith    .    (shield currently unavailable)
rNeg    . . .      Spirit   .    n - +0 troll leather armour
rPois   +          Reflect  .    s - +0 helmet
rElec   .          Harm     .    r - +0 cloak
rCorr   .          Rampage  .    (no gloves)
Will    .....      NoTele   +    (no boots)
Stlth   ++++++....               (no amulet)
HPRegen 1.17/turn                B - ring of poison resistance
MPRegen 0.21/turn                p - +3 ring of protection

@: very slow
A: fangs 1, strong nose, distributed training
a: Renounce Religion, Bend Time, Temporal Distortion, Slouch, Step From Time


You were in the Dungeon.
You worshipped Cheibriados.
Cheibriados was exalted by your worship.
You visited 1 branch You collected 38 gold pieces.

Inventory:

Hand Weapons
 u - a +0 scimitar of flaming
 z - the +7 halberd "Gaiteomat" (weapon) {pain, rF+}
   (You found it in the Dungeon)

   In the hands of one skilled in necromantic magic, it inflicts extra damage on
   living creatures.
   rF:        It protects you from fire.
Missiles
 d - 6 boomerangs of dispersal (quivered)
 k - 2 boomerangs
Armour
 n - a +0 troll leather armour (worn)
 r - a +0 cloak (worn)
 s - a +0 helmet (worn)
Jewellery
 g - a ring of protection from fire
 p - a +3 ring of protection (right hand)
 B - a ring of poison resistance (left hand)
Scrolls
 b - a scroll of brand weapon
 c - 3 scrolls of blinking
 v - 3 scrolls of identify
 w - 4 scrolls of enchant armour
 x - 3 scrolls of fog
 y - a scroll of fear
Potions
 a - a potion of resistance
 e - 10 potions of curing
 f - 21 potions of heal wounds
 h - 4 potions of magic
 i - a potion of berserk rage
 j - 2 potions of invisibility
 q - 3 potions of might


   Skills:
 + Level 12.7 Fighting
 + Level 11.9 Short Blades
 + Level 11.9 Long Blades
 + Level 11.9 Axes
 + Level 11.9 Maces & Flails
 + Level 12.7 Polearms
 + Level 11.9 Staves
 + Level 11.9 Ranged Weapons
 + Level 12.2 Throwing
 + Level 12.2 Armour
 + Level 12.7 Dodging
 + Level 11.9 Stealth
 + Level 11.9 Shields
 + Level 11.9 Unarmed Combat
 + Level 12.9 Spellcasting
 + Level 10.1 Conjurations
 + Level 10.1 Hexes
 + Level 10.1 Summonings
 + Level 10.1 Necromancy
 + Level 11.4 Translocations
 + Level 10.1 Transmutations
 + Level 10.1 Fire Magic
 + Level 10.1 Ice Magic
 + Level 10.1 Air Magic
 + Level 10.1 Earth Magic
 + Level 10.1 Poison Magic
 + Level 12.9 Invocations
 + Level 11.9 Evocations


You had 21 spell levels left.
You knew the following spells:

 Your Spells              Type           Power      Damage    Failure   Level
a - Blink                 Tloc           100%       N/A       1%          2
b - Vhi's Electric Charg  Tloc/Air       100%       N/A       1%          3
c - Manifold Assault      Tloc           73%        N/A       1%          4
d - Teleport Other        Tloc           73%        N/A       1%          3
e - Lesser Beckoning      Tloc           100%       N/A       1%          3

Your spell library contained the following spells:

 Spells                   Type           Power      Damage    Failure   Level
 Beastly Appendage        Tmut           100%       N/A       1%          1
 Wereblood                Tmut           68%        N/A       1%          2
 Spider Form              Tmut/Pois      68%        N/A       1%          3


Dungeon Overview and Level Annotations

Branches:
Dungeon (1/1)

Altars:
Ashenzari
Cheibriados
Dithmenos
Elyvilon
Fedhas
Gozag
Hepliaklqana
Kikubaaqudgha
Makhleb
Nemelex Xobeh
Okawaru
Qazlal
Ru
Sif Muna
Trog
Uskayaw
Vehumet
Wu Jian
Xom
Yredelemnul
Zin
The Shining One
Jiyva
Lugonu


Innate Abilities, Weirdness & Mutations

You have very sharp teeth.
Your uncanny sense of smell can sniff out nearby items.
Your experience applies equally to all skills.


Message History

The ghoul is lightly damaged.
The ghoul claws you! The ghoul barely misses you.
You hit the ghoul.
The ghoul is lightly damaged.
The ghoul barely misses you. The ghoul completely misses you.
You slash the ghoul!
The ghoul is lightly damaged.
The ghoul misses you. The ghoul barely misses you.
You barely miss the ghoul.
The ghoul is lightly damaged.
The ghoul completely misses you. x2
You hit the ghoul.
The ghoul is lightly damaged.
The ghoul barely misses you. x2
You slash the ghoul!
The ghoul is moderately damaged.
The ghoul completely misses you. The ghoul claws you.
You impale the ghoul!!
The ghoul is moderately damaged.
You puncture the ghoul!
The ghoul is heavily damaged.
The ghoul claws you! The ghoul completely misses you.
You barely miss the ghoul.
The ghoul is heavily damaged.
The ghoul misses you. The ghoul claws you!
You hit the ghoul.
The ghoul is heavily damaged.
The ghoul claws you! The ghoul completely misses you.
You puncture the ghoul!
The ghoul is heavily damaged.
The ghoul claws you.
* * * LOW HITPOINT WARNING * * *
The ghoul claws you!!
* * * LOW HITPOINT WARNING * * *
You slash the ghoul!
The ghoul is heavily damaged.
The ghoul claws you!
* * * LOW HITPOINT WARNING * * *
The ghoul claws you!
You die...

#..#....#..#
+..........#
+..........#
#..#....#..#
#..........+
#..........+
###''####''#
###''####''#########
#.†@...##.........).
#.#n##.##..........)
#.#4h .##..#########
# +..# ##..#∆∆ ∆∆ ∆∆
#.:+ #..#∆∆ ∆∆
#++########## +..#
#..# ........##..#
##+# #..#
.#......##..# #..#
........''..# #..#


You could see a ghoul, a chaos spawn and a wolf.

Vanquished Creatures
  An emperor scorpion (D)
  A war gargoyle (D)
  A merfolk impaler (D)
  A vampire mage (D)
  A spriggan berserker (D)
  A deep troll (D)
  A bog body (D)
  A phantasmal warrior (D)
  An orc knight (D)
  A cyclops (D)
  2 elephants (D)
  A black mamba (D)
  A molten gargoyle (D)
  A kobold demonologist (D)
  A cane toad (D)
  A demonic crawler (D)
  A hellwing (D)
  2 rime drakes (D)
  An efreet (D)
  A guardian mummy (D)
  2 polar bears (D)
  A red devil (D)
  A tarantella (D)
  2 merfolk (D)
  Grinder (D)
  9 blink frogs (D)
  A snapping turtle (D)
  A flying skull (D)
  Sigmund (D)
  2 shadows (D)
  A wyvern (D)
  A wraith (D)
  A basilisk (D)
  A redback (D)
  A water moccasin (D)
  A warg (D)
  A black bear (D)
  3 orc warriors (D)
  A sky beast (D)
  2 ogres (D)
  4 wolves (D)
  A small abomination (D)
  2 kobold brigands (D)
  2 bullfrogs (D)
  A necrophage (D)
  A crimson imp (D)
  A quasit (D)
  A jelly (D)
  A hound (D)
  2 orc priests (D)
  A gnoll bouda (D)
  Terence (D)
  An iguana (D)
  An orc wizard (D)
  2 gnolls (D)
  A river rat (D)
  4 orcs (D)
  A bat (D)
  An endoplasm (D)
  2 goblins (D)
  8 jackals (D)
  6 kobolds (D)
  A ball python (D)
  A frilled lizard (D)
  A jackal zombie (D)
  2 rats (D)
106 creatures vanquished.

Notes
Turn   | Place    | Note
-------+----------+-------------------------------------------
     0 | D        | rocky1 the Gnoll Warper began the quest for the Orb.
     0 | D        | Reached XP level 1. HP: 20/20 MP: 6/6
   162 | D        | Found a bloodstained altar of Trog.
   162 | D        | Found a shimmering blue altar of Sif Muna.
   162 | D        | Found a viscous altar of Jiyva.
   162 | D        | Found a hazy altar of Hepliaklqana.
   162 | D        | Found an opulent altar of Gozag.
   163 | D        | Found a glowing golden altar of the Shining One.
   163 | D        | Found a glowing silver altar of Zin.
   163 | D        | Found a basalt altar of Yredelemnul.
   163 | D        | Found a shimmering altar of Xom.
   163 | D        | Found an ornate altar of the Wu Jian Council.
   163 | D        | Found a sacrificial altar of Ru.
   163 | D        | Found a stormy altar of Qazlal.
   163 | D        | Found an iron altar of Okawaru.
   163 | D        | Found a sparkling altar of Nemelex Xobeh.
   163 | D        | Found a burning altar of Makhleb.
   163 | D        | Found a blossoming altar of Fedhas.
   163 | D        | Found a white marble altar of Elyvilon.
   163 | D        | Found a shadowy altar of Dithmenos.
   163 | D        | Found a snail-covered altar of Cheibriados.
   165 | D        | Found a radiant altar of Vehumet.
   165 | D        | Found a corrupted altar of Lugonu.
   166 | D        | Found a hide-covered altar of Uskayaw.
   166 | D        | Found an ancient bone altar of Kikubaaqudgha.
   166 | D        | Found a broken altar of Ashenzari.
   174 | D        | Became a worshipper of Cheibriados the Contemplative
   201 | D        | Reached skill level 1 in Short Blades
   201 | D        | Reached skill level 1 in Long Blades
   201 | D        | Reached skill level 1 in Axes
   201 | D        | Reached skill level 1 in Maces & Flails
   201 | D        | Reached skill level 1 in Staves
   201 | D        | Reached skill level 1 in Ranged Weapons
   201 | D        | Reached skill level 1 in Stealth
   201 | D        | Reached skill level 1 in Shields
   201 | D        | Reached skill level 1 in Unarmed Combat
   201 | D        | Reached skill level 5 in Spellcasting
   201 | D        | Reached skill level 1 in Conjurations
   201 | D        | Reached skill level 1 in Hexes
   201 | D        | Reached skill level 1 in Summonings
   201 | D        | Reached skill level 1 in Necromancy
   201 | D        | Reached skill level 1 in Transmutations
   201 | D        | Reached skill level 1 in Fire Magic
   201 | D        | Reached skill level 1 in Ice Magic
   201 | D        | Reached skill level 1 in Air Magic
   201 | D        | Reached skill level 1 in Earth Magic
   201 | D        | Reached skill level 1 in Poison Magic
   201 | D        | Reached skill level 1 in Invocations
   201 | D        | Reached skill level 1 in Evocations
   201 | D        | Reached XP level 2. HP: 22/26 MP: 8/8
   203 | D        | Reached * piety under Cheibriados
   241 | D        | Noticed Sigmund
   247 | D        | Reached ** piety under Cheibriados
   248 | D        | Reached XP level 3. HP: 22/32 MP: 9/9
   299 | D        | Reached skill level 5 in Fighting
   299 | D        | Reached skill level 5 in Polearms
   299 | D        | Reached skill level 5 in Dodging
   303 | D        | Killed Sigmund
   304 | D        | Reached XP level 4. HP: 27/40 MP: 10/12
   304 | D        | Reached XP level 5. HP: 31/46 MP: 10/13
   374 | D        | Learned a level 2 spell: Blink
   378 | D        | Learned a level 3 spell: Vhi's Electric Charge
   383 | D        | Learned a level 4 spell: Manifold Assault
   387 | D        | Learned a level 3 spell: Teleport Other
   391 | D        | Learned a level 3 spell: Lesser Beckoning
   399 | D        | Noticed Grinder
   400 | D        | Noticed a black bear
   410 | D        | Killed a black bear
   410 | D        | Reached *** piety under Cheibriados
   411 | D        | Reached skill level 5 in Throwing
   411 | D        | Reached skill level 5 in Armour
   411 | D        | Reached skill level 5 in Invocations
   411 | D        | Reached XP level 6. HP: 53/53 MP: 13/15
   415 | D        | Killed Grinder
   415 | D        | Reached **** piety under Cheibriados
   416 | D        | Reached skill level 5 in Short Blades
   416 | D        | Reached skill level 5 in Long Blades
   416 | D        | Reached skill level 5 in Axes
   416 | D        | Reached skill level 5 in Maces & Flails
   416 | D        | Reached skill level 5 in Staves
   416 | D        | Reached skill level 5 in Ranged Weapons
   416 | D        | Reached skill level 5 in Stealth
   416 | D        | Reached skill level 5 in Shields
   416 | D        | Reached skill level 5 in Unarmed Combat
   416 | D        | Reached skill level 5 in Evocations
   416 | D        | Reached XP level 7. HP: 59/60 MP: 13/17
   479 | D        | Noticed a warg
   487 | D        | Killed a warg
   600 | D        | Reached ***** piety under Cheibriados
   619 | D        | Noticed a shadow
   620 | D        | Killed a shadow
   621 | D        | Reached skill level 5 in Conjurations
   621 | D        | Reached skill level 5 in Hexes
   621 | D        | Reached skill level 5 in Summonings
   621 | D        | Reached skill level 5 in Necromancy
   621 | D        | Reached skill level 5 in Transmutations
   621 | D        | Reached skill level 5 in Fire Magic
   621 | D        | Reached skill level 5 in Ice Magic
   621 | D        | Reached skill level 5 in Air Magic
   621 | D        | Reached skill level 5 in Earth Magic
   621 | D        | Reached skill level 5 in Poison Magic
   723 | D        | Noticed Terence
   727 | D        | Reached XP level 8. HP: 65/68 MP: 14/20
   727 | D        | Killed Terence
   761 | D        | Noticed a blink frog
   761 | D        | Noticed a blink frog
   761 | D        | Noticed a blink frog
   761 | D        | Noticed a blink frog
   761 | D        | Noticed a molten gargoyle
   762 | D        | Killed a blink frog
   762 | D        | Killed a blink frog
   762 | D        | Killed a blink frog
   762 | D        | Reached ****** piety under Cheibriados
   762 | D        | Killed a blink frog
   763 | D        | Reached XP level 9. HP: 75/75 MP: 15/22
   764 | D        | Killed a molten gargoyle
   973 | D        | Noticed a demonic crawler
   980 | D        | Killed a demonic crawler
  1100 | D        | Noticed a tarantella
  1100 | D        | Noticed a deep troll
  1100 | D        | Noticed a red devil
  1101 | D        | Killed a tarantella
  1102 | D        | Killed a red devil
  1107 | D        | Killed a deep troll
  1108 | D        | Reached skill level 10 in Spellcasting
  1108 | D        | Reached XP level 10. HP: 53/85 MP: 13/24
  1233 | D        | Noticed a kobold demonologist
  1234 | D        | Noticed a sun demon
  1236 | D        | Reached skill level 10 in Fighting
  1236 | D        | Reached skill level 10 in Polearms
  1236 | D        | Reached skill level 10 in Dodging
  1236 | D        | Killed a kobold demonologist
  1236 | D        | Noticed a cane toad
  1346 | D        | Killed a cane toad
  1347 | D        | Reached skill level 10 in Invocations
  1378 | D        | Noticed an elephant
  1380 | D        | Noticed an orc knight
  1390 | D        | Killed an elephant
  1398 | D        | Killed an orc knight
  1399 | D        | Reached skill level 10 in Throwing
  1399 | D        | Reached skill level 10 in Armour
  1484 | D        | Noticed a war gargoyle
  1493 | D        | Killed a war gargoyle
  1494 | D        | Reached skill level 10 in Short Blades
  1494 | D        | Reached skill level 10 in Long Blades
  1494 | D        | Reached skill level 10 in Axes
  1494 | D        | Reached skill level 10 in Maces & Flails
  1494 | D        | Reached skill level 10 in Staves
  1494 | D        | Reached skill level 10 in Ranged Weapons
  1494 | D        | Reached skill level 10 in Stealth
  1494 | D        | Reached skill level 10 in Shields
  1494 | D        | Reached skill level 10 in Unarmed Combat
  1494 | D        | Reached skill level 10 in Translocations
  1494 | D        | Reached skill level 10 in Evocations
  1494 | D        | Reached XP level 11. HP: 41/93 MP: 15/26
  1688 | D        | Noticed a cyclops
  1743 | D        | Noticed a bog body
  1748 | D        | Killed a cyclops
  1748 | D        | Killed a bog body
  1854 | D        | Got the +7 halberd "Gaiteomat" {pain, rF+}
  2051 | D        | Noticed an emperor scorpion
  2064 | D        | Killed an emperor scorpion
  2094 | D        | Noticed a merfolk impaler
  2103 | D        | Killed a merfolk impaler
  2110 | D        | Reached XP level 12. HP: 58/103 MP: 28/28
  2151 | D        | Noticed a vampire mage
  2159 | D        | Killed a vampire mage
  2210 | D        | Noticed a spriggan berserker
  2216 | D        | Killed a spriggan berserker
  2219 | D        | Reached skill level 10 in Conjurations
  2219 | D        | Reached skill level 10 in Hexes
  2219 | D        | Reached skill level 10 in Summonings
  2219 | D        | Reached skill level 10 in Necromancy
  2219 | D        | Reached skill level 10 in Transmutations
  2219 | D        | Reached skill level 10 in Fire Magic
  2219 | D        | Reached skill level 10 in Ice Magic
  2219 | D        | Reached skill level 10 in Air Magic
  2219 | D        | Reached skill level 10 in Earth Magic
  2219 | D        | Reached skill level 10 in Poison Magic
  2321 | D        | Noticed a ghoul
  2351 | D        | HP: 1/103 [ghoul (10)]
  2351 | D        | Mangled by a ghoul

Illustrated notes

Levels and vault maps discovered:
D:        pitsprint [storerooms_1, entrance_room_1, metal_vault_3, armoury_1,
          mini_pit_1, grid_room_1, main_hall_1, silver_pit, the_coven_3,
          the_vestibule_1, steel_vault_4, golden_pit, hallway_of_sentries,
          crystal_vault_1, iron_vault_2, final_vault]

Skill      XL: |  1  2  3  4  5  6  7  8  9 10 11 12 |
---------------+-------------------------------------+-----
Short Blades   | 1 4 5 6 7 8 10 11 | 11.9
Long Blades    | 1 4 5 6 7 8 10 11 | 11.9
Axes           | 1 4 5 6 7 8 10 11 | 11.9
Maces & Flails | 1 4 5 6 7 8 10 11 | 11.9
Staves         | 1 4 5 6 7 8 10 11 | 11.9
Ranged Weapons | 1 4 5 6 7 8 10 11 | 11.9
Stealth        | 1 4 5 6 7 8 10 11 | 11.9
Shields        | 1 4 5 6 7 8 10 11 | 11.9
Unarmed Combat | 1 4 5 6 7 8 10 11 | 11.9
Spellcasting   | 5 6 7 8 9 10 11 12 | 12.9
Conjurations   | 1 3 4 5 6 7 8 9 10 | 10.1
Hexes          | 1 3 4 5 6 7 8 9 10 | 10.1
Summonings     | 1 3 4 5 6 7 8 9 10 | 10.1
Necromancy     | 1 3 4 5 6 7 8 9 10 | 10.1
Transmutations | 1 3 4 5 6 7 8 9 10 | 10.1
Fire Magic     | 1 3 4 5 6 7 8 9 10 | 10.1
Ice Magic      | 1 3 4 5 6 7 8 9 10 | 10.1
Air Magic      | 1 3 4 5 6 7 8 9 10 | 10.1
Earth Magic    | 1 3 4 5 6 7 8 9 10 | 10.1
Poison Magic   | 1 3 4 5 6 7 8 9 10 | 10.1
Invocations    | 1 2 4 5 7 8 9 11 12 | 12.9
Evocations     | 1 4 5 6 7 8 10 11 | 11.9
Throwing       | 3 4 5 6 8 9 10 11 12 | 12.2
Armour         | 3 4 5 6 8 9 10 11 12 | 12.2
Fighting       | 6 7 8 9 11 12 | 12.7
Polearms       | 6 7 8 9 11 12 | 12.7
Dodging        | 6 7 8 9 11 12 | 12.7
Translocations | 6 7 8 9 10 11 | 11.4

Action                   |  1- 3 |  4- 6 |  7- 9 | 10-12 || total
-------------------------+-------+-------+-------+-------++-------
Melee: Trident           |    29 |    11 |    36 |    69 ||   145
       Spear             |     7 |       |       |       ||     7
       Bite              |     3 |     3 |     1 |    18 ||    25
       Punch             |       |       |     2 |     3 ||     5
       Halberd           |       |       |       |    77 ||    77
Throw: Boomerang         |     1 |       |       |       ||     1
 Cast: Manifold Assault  |       |       |     6 |       ||     6
       Vhi's Electric Ch |       |       |       |     1 ||     1
Invok: Slouch            |       |       |     5 |    18 ||    23
  Use: Potion            |     1 |     1 |       |     1 ||     3
 Stab: Sleeping          |       |       |     3 |     6 ||     9
Armor: Leather armour    |     3 |     1 |     2 |       ||     6
       Troll leather arm |       |       |       |    35 ||    35
Dodge: Dodged            |    13 |    11 |    13 |   132 ||   169

Table legend: (Time is in decaauts)
 A = Elapsed time spent in this place.
 B = Non-inter-level travel time spent in this place.
 C = Inter-level travel time spent in this place.
 D = Time resting spent in this place.
 E = Time spent auto-exploring this place.
 F = Levels seen in this place.
 G = Mean time per level.
                   A        B        C        D        E       F      G
               +--------+--------+--------+--------+--------+-----+--------+
         Total |   2909 |   2790 |    119 |   1355 |      0 |   1 | 2909.0 |
       Dungeon |   2909 |   2790 |    119 |   1355 |      0 |   1 | 2909.0 |
               +--------+--------+--------+--------+--------+-----+--------+

Top non-repeatable levels by time:
       D: 2909 daAuts
